 Dungeon Crawl Stone Soup version 0.23-a0-393-g6e9e0f2 (webtiles) character file.

152 XanderDroid the Magician (level 5, 0/37 HPs)
             Began as a Gnoll Wizard on Oct 31, 2018.
             Killed from afar by an orc wizard (11 damage)
             ... with a magic dart
             ... on level 3 of the Dungeon.
             The game lasted 00:10:30 (2850 turns).

XanderDroid the Magician (Gnoll Wizard)             Turns: 2850, Time: 00:10:31

Health: 0/37       AC:  2    Str: 10    XL:     5   Next: 34%
Magic:  0/14       EV: 14    Int: 21    God:
Gold:   234        SH:  0    Dex: 13    Spells: 7/18 levels left

rFire    . . .     SeeInvis .   k - +0 mace (holy)
rCold    . . .     Gourm    .   (no shield)
rNeg     . . .     Faith    .   j - +0 robe (curse)
rPois    .         Spirit   .   b - +0 hat
rElec    .         Reflect  .   (no cloak)
rCorr    .         Harm     .   (no gloves)
MR       .....                  (no boots)
Stlth    +++.......             (no amulet)
HPRegen  0.12/turn              (no ring)
MPRegen  0.14/turn              (no ring)

@: very slightly contaminated
A: distributed training, fangs 1, strong nose
a: no special abilities


You were on level 3 of the Dungeon.
You were not hungry.

You visited 1 branch of the dungeon, and saw 3 of its levels.

You collected 234 gold pieces.

Inventory:

Hand Weapons
 k - a +0 mace of holy wrath (weapon)
Armour
 a - a +0 robe
 b - a +0 hat (worn)
 j - a cursed +0 robe (worn)
Jewellery
 h - an uncursed ring of protection from magic {unknown}
Scrolls
 c - a scroll of remove curse
 e - 3 scrolls of blinking {unknown}
 f - a scroll of identify
 n - 2 scrolls of amnesia {unknown}
 o - a scroll of fog {unknown}
Potions
 i - 5 potions of curing
 l - a potion of cancellation {unknown}
 m - a potion of resistance {unknown}
Comestibles
 d - 4 rations


   Skills:
 + Level 1.4 Fighting
 + Level 1.4 Short Blades
 + Level 1.4 Long Blades
 + Level 1.4 Axes
 + Level 1.4 Maces & Flails
 + Level 1.4 Polearms
 + Level 1.4 Staves
 + Level 1.4 Slings
 + Level 1.4 Bows
 + Level 1.4 Crossbows
 + Level 1.4 Throwing
 + Level 1.4 Armour
 + Level 4.7 Dodging
 + Level 4.4 Stealth
 + Level 1.4 Shields
 + Level 1.4 Unarmed Combat
 + Level 7.3 Spellcasting
 + Level 2.3 Conjurations
 + Level 1.1 Hexes
 + Level 1.1 Charms
 + Level 2.3 Summonings
 + Level 1.1 Necromancy
 + Level 2.3 Translocations
 + Level 1.1 Transmutations
 + Level 1.1 Fire Magic
 + Level 1.1 Ice Magic
 + Level 1.1 Air Magic
 + Level 1.1 Earth Magic
 + Level 1.1 Poison Magic
 + Level 1.6 Invocations
 + Level 1.4 Evocations


You had 7 spell levels left.
You knew the following spells:

 Your Spells              Type           Power        Failure   Level  Hunger
a - Magic Dart            Conj           ###.         3%          1    None
b - Blink                 Tloc           N/A          4%          2    None
c - Call Imp              Summ           ###.....     4%          2    None
d - Conjure Flame         Conj/Fire      ###.....     12%         3    None
e - Mephitic Cloud        Conj/Pois/Air  ##......     14%         3    None

Your spell library contained the following spells:

 Spells                   Type           Power        Failure   Level  Hunger
 Slow                     Hex            ##......     9%          2    None


Dungeon Overview and Level Annotations

Branches:
Dungeon (3/15)

Altars:


Innate Abilities, Weirdness & Mutations

Your experience applies equally to all skills.
You have very sharp teeth.
Your uncanny sense of smell can sniff out nearby items.


Message History

The orc hits you but does no damage. The orc hits you with a +0 dagger.
The orc wizard closely misses you.
You sock the orc!
You kill the orc!
You feel less confused.
The orc wizard misses you. x2; Something hits you.
The orc wizard casts a spell.
The orc wizard blinks!
Something hits you.
* * * LOW HITPOINT WARNING * * *
Casting: Blink (safe; 4% risk of failure)
Confirm with . or Enter, or press ? or * to list all spells.
Aiming: Magic Dart (safe; 3% risk of failure)
Press: ? - help, Shift-Dir - straight line, f - orc wizard
Aim: an orc wizard, wielding a +0 dagger and wearing a +0 robe The magic dart hits the orc wizard.
The orc wizard is lightly wounded.
You hear some strange, mumbled words.
A magic dart appears from out of thin air!
The magic dart hits you!
You die...

#.# #.### ### #.#..
+.# #.#.# ∆ #o#
#.#.# #.# #.#.# #.
##@######.#.####...
#.)§...............
#..................
####.######)####.##
#.#.####.#
#.#......# #.######
#.# #.#


You could see an orc wizard.

Vanquished Creatures
  2 orc priests (D:3)
  3 adders
  2 worms (D:2)
  2 leopard geckos
  4 orcs (D:3)
  A giant cockroach (D:1)
  8 goblins
  7 hobgoblins
  A ball python (D:2)
  8 bats
  8 kobolds
  10 rats
56 creatures vanquished.

Notes
Turn   | Place    | Note
-------+----------+-------------------------------------------
     0 | D:1      | XanderDroid the Gnoll Wizard began the quest for the Orb.
     0 | D:1      | Reached XP level 1. HP: 13/13 MP: 8/8
   141 | D:1      | Reached XP level 2. HP: 19/19 MP: 6/10
   149 | D:1      | Learned a level 2 spell: Blink
   154 | D:1      | Learned a level 2 spell: Call Imp
   694 | D:1      | Reached XP level 3. HP: 25/25 MP: 3/11
  1095 | D:2      | Reached skill level 1 in Invocations
  1426 | D:2      | Reached skill level 1 in Fighting
  1426 | D:2      | Reached skill level 1 in Short Blades
  1426 | D:2      | Reached skill level 1 in Long Blades
  1426 | D:2      | Reached skill level 1 in Axes
  1426 | D:2      | Reached skill level 1 in Maces & Flails
  1426 | D:2      | Reached skill level 1 in Polearms
  1426 | D:2      | Reached skill level 1 in Staves
  1426 | D:2      | Reached skill level 1 in Slings
  1426 | D:2      | Reached skill level 1 in Bows
  1426 | D:2      | Reached skill level 1 in Crossbows
  1426 | D:2      | Reached skill level 1 in Throwing
  1426 | D:2      | Reached skill level 1 in Armour
  1426 | D:2      | Reached skill level 1 in Shields
  1426 | D:2      | Reached skill level 1 in Unarmed Combat
  1426 | D:2      | Reached skill level 1 in Evocations
  1459 | D:2      | Reached XP level 4. HP: 32/32 MP: 7/13
  2174 | D:3      | Reached skill level 1 in Hexes
  2174 | D:3      | Reached skill level 1 in Charms
  2174 | D:3      | Reached skill level 1 in Necromancy
  2174 | D:3      | Reached skill level 1 in Transmutations
  2174 | D:3      | Reached skill level 1 in Fire Magic
  2174 | D:3      | Reached skill level 1 in Ice Magic
  2174 | D:3      | Reached skill level 1 in Air Magic
  2174 | D:3      | Reached skill level 1 in Earth Magic
  2174 | D:3      | Reached skill level 1 in Poison Magic
  2180 | D:3      | Reached XP level 5. HP: 13/37 MP: 0/14
  2336 | D:3      | Learned a level 3 spell: Conjure Flame
  2340 | D:3      | Learned a level 3 spell: Mephitic Cloud
  2850 | D:3      | Killed from afar by an orc wizard

Vault maps used:
D:1:      scummos_arrival_forest, minmay_curled_crystal
D:3:      gammafunk_temple_overflow_pools, fountainhead

Skill      XL: |  1  2  3  4 |
---------------+-------------+-----
Conjurations   | 2 |  2.3
Summonings     | 2 |  2.3
Translocations | 2 |  2.3
Invocations    | 1 |  1.6
Fighting       | 1 |  1.4
Short Blades   | 1 |  1.4
Long Blades    | 1 |  1.4
Axes           | 1 |  1.4
Maces & Flails | 1 |  1.4
Polearms       | 1 |  1.4
Staves         | 1 |  1.4
Slings         | 1 |  1.4
Bows           | 1 |  1.4
Crossbows      | 1 |  1.4
Throwing       | 1 |  1.4
Armour         | 1 |  1.4
Shields        | 1 |  1.4
Unarmed Combat | 1 |  1.4
Evocations     | 1 |  1.4
Hexes          | 1 |  1.1
Charms         | 1 |  1.1
Necromancy     | 1 |  1.1
Transmutations | 1 |  1.1
Fire Magic     | 1 |  1.1
Ice Magic      | 1 |  1.1
Air Magic      | 1 |  1.1
Earth Magic    | 1 |  1.1
Poison Magic   | 1 |  1.1
Dodging        | |  4.7
Stealth        | |  4.4
Spellcasting   | |  7.3

Action                   |  1- 3 |  4- 6 || total
-------------------------+-------+-------++-------
Melee: Short sword       |     2 |       ||     2
       Mace              |    13 |     7 ||    20
       Bite              |     1 |       ||     1
 Cast: Magic Dart        |    59 |    54 ||   113
       Blink             |       |     2 ||     2
  Use: Scroll            |       |     4 ||     4
 Stab: Sleeping          |     1 |       ||     1
  Eat: Chunk             |     2 |     4 ||     6
Armor: Robe              |     2 |     4 ||     6
Dodge: Dodged            |    19 |    18 ||    37

Table legend:
 A = Non-vault XP
 B = Vault XP
 C = Vault XP percentage of total XP
 D = Non-vault monster count
 E = Vault monster count
 F = Vault count percentage of total count
                 A         B        C        D         E       F
            +---------+---------+-------+---------+---------+-------
      Total |     218 |       0 |   0.0 |      56 |       0 |   0.0
            +---------+---------+-------+---------+---------+-------
        D:1 |      41 |       0 |   0.0 |      25 |       0 |   0.0
        D:2 |      52 |       0 |   0.0 |      14 |       0 |   0.0
        D:3 |     125 |       0 |   0.0 |      17 |       0 |   0.0
            +---------+---------+-------+---------+---------+-------
